Selects Australian Defense Battlegroup
Selects Australian Light Infantry Section
Australian Light Infantry Section
Australian Light Infantry Section
Construct Section Command Post
Selects Defensive Tactics
Construct Platoon Command Post
Unlock M3 Stuart Light Tanks
Selects CMP 15cwt Supply Run
Selects Reinforced Resource Caches
Construct Company Command Post
Australian Light Infantry Section
Australian Light Infantry Section
Construct Company Command Post
Unlock M3 Grant Medium Tanks
Selects Archer Tank Destroyer